 Dungeon Crawl Stone Soup version 0.27-a0-931-g5a74e75d8f (webtiles) character file.

Game seed: 2687210135335824140

26 Alarkh the Insei (level 2, -4/23 HPs)
             Began as a Demonspawn Gladiator on Apr 10, 2021.
             Slain by a gnoll
             ... wielding a +0 spear
              (5 damage)
             ... on level 2 of the Dungeon.
             The game lasted 00:01:20 (913 turns).

Alarkh the Insei (Demonspawn Gladiator)              Turns: 913, Time: 00:01:20

Health: -4/23      AC:  4    Str: 14    XL:     2   Next: 89%
Magic:  2/2        EV: 12    Int:  9    God:
Gold:   9          SH:  0    Dex: 14    Spells: 1/1 levels left

rFire    . . .     SeeInvis .     - Unarmed
rCold    . . .     Faith    .   (no shield)
rNeg     . . .     Spirit   .   a - +0 leather armour
rPois    .         Reflect  .   b - +0 helmet
rElec    .         Harm     .   (no cloak)
rCorr    .         Rampage  .   (no gloves)
Will     .....                  (no boots)
Stlth    +.........             (no amulet)
HPRegen  0.07/turn              (no ring)
MPRegen  0.08/turn              (no ring)

@: no status effects
A: powered by death 1
a: no special abilities


You were on level 2 of the Dungeon.
You visited 1 branch of the dungeon, and saw 2 of its levels.

You collected 9 gold pieces.

Inventory:

Missiles
 c - 3 throwing nets (quivered)
Armour
 a - a +0 leather armour (worn)
 b - a +0 helmet (worn)
Scrolls
 e - a scroll of identify {unknown}


   Skills:
 + Level 2.5 Fighting
 - Level 1.7 Throwing
 - Level 2.6 Dodging
 * Level 3.4 Unarmed Combat


You had one spell level left.
You didn't know any spells.
Your spell library contained the following spells:

 Spells                   Type           Power      Damage    Failure   Level
 Confusing Touch          Hex            0%         N/A       83%         3
 Gell's Gravitas          Tloc           0%         N/A       83%         3
 Petrify                  Tmut/Erth      0%         N/A       99%         4
 Metabolic Englaciation   Hex/Ice        0%         N/A       100%        5
 Yara's Violent Unravell  Hex/Tmut       0%         3d3       100%        5


Dungeon Overview and Level Annotations

Branches:
Dungeon (2/15)

Altars:

Shops:
D:1 ?


Innate Abilities, Weirdness & Mutations

You regenerate a little health from kills.


Message History

2 gnolls come into view.
The gnoll shouts!
You hear a shout!
A bat comes into view.
The gnoll moves out of view.
You hear a shout!
The frilled lizard barely misses you.
You completely miss the frilled lizard. The gnoll closely misses you.
The frilled lizard bites you.
You hit the bat.
You kill the bat!
The frilled lizard bites you.
You closely miss the frilled lizard.
A gnoll comes into view. It is wielding a +0 halberd.
You barely miss the frilled lizard. The frilled lizard barely misses you.
You hit the gnoll.
The gnoll is heavily wounded.
The frilled lizard barely misses you.
A hobgoblin comes into view.
The gnoll barely misses you.
You hit the gnoll but do no damage.
The gnoll is heavily wounded.
The frilled lizard barely misses you. The gnoll hits you with a +0 club.
The gnoll closely misses you.
You hit the gnoll.
The gnoll is severely wounded.
The frilled lizard bites you but does no damage.
A gnoll comes into view. It is wielding a +0 spear.
The gnoll hits you with a +0 club.
The gnoll hits you from afar with a +0 spear.
You are too injured to fight recklessly!
You are too injured to fight recklessly!
You are too injured to fight recklessly!
You are too injured to fight recklessly!
The gnoll shouts!
The gnoll hits you with a +0 club.
* * * LOW HITPOINT WARNING * * *
The gnoll hits you with a +0 club.
* * * LOW HITPOINT WARNING * * *
The gnoll hits you from afar with a +0 spear.
You die...

#### ....
#.. ###.# #
#...##
#.#.#....#
#....<...#
###.##@..#
####.##gl.#
...g..g...#
.....#....#
...g #....+
... #....#
.. #....# .
#....#
##..##


You could see 2 gnolls and a frilled lizard.

Vanquished Creatures
  2 dart slugs (D:1)
  2 ball pythons (D:1)
  5 bats
  An endoplasm (D:1)
  4 goblins (D:1)
  2 hobgoblins
  A quokka (D:1)
  A frilled lizard (D:1)
  A rat (D:1)
19 creatures vanquished.

Notes
Turn   | Place    | Note
-------+----------+-------------------------------------------
     0 | D:1      | Alarkh the Demonspawn Gladiator began the quest for the
                  | Orb.
     0 | D:1      | Reached XP level 1. HP: 16/16 MP: 1/1
    93 | D:1      | Found Betoukun's Magic Scroll Boutique.
   119 | D:1      | Reached skill level 3 in Unarmed Combat
   163 | D:1      | Gained mutation: You regenerate a little health from kills.
                  | [demonic ancestry]
   163 | D:1      | Reached XP level 2. HP: 13/22 MP: 2/2
   602 | D:1      | Found a faded altar of an unknown god.
   642 | D:2      | Noticed a black bear
   913 | D:2      | HP: 1/23 [gnoll/+0 club (4)]
   913 | D:2      | Slain by a gnoll

Illustrated notes

Levels and vault maps discovered:
D:1:      matt_arrival_refuge, layout_rooms,
          shapermc_ecumenical_altar_hornbeckon, serial_shops,
          nicolae_shop_behind_doors, hangedman_decor_lopped, minmay_cupped
D:2:      cheibrodos_old_hovel, layout_basic, basic_altar,
          hangedman_decor_growths, amcnicky_mini_pool_small

Skill      XL: |  1 |
---------------+----+-----
Unarmed Combat | 3 |  3.4
Fighting       | |  2.5
Throwing       | |  1.7
Dodging        | |  2.6

Action                   || total
-------------------------++-------
Melee: Unarmed           ||    62
       Punch             ||     1
  Use: Potion            ||     1
Armor: Leather armour    ||    22
Dodge: Dodged            ||    44

Table legend: (Time is in decaauts)
 A = Elapsed time spent in this place.
 B = Non-inter-level travel time spent in this place.
 C = Inter-level travel time spent in this place.
 D = Time resting spent in this place.
 E = Time spent auto-exploring this place.
 F = Levels seen in this place.
 G = Mean time per level.
                   A        B        C        D        E       F      G
               +--------+--------+--------+--------+--------+-----+--------+
         Total |    915 |    876 |     39 |    222 |    457 |   2 |  457.5 |
       Dungeon |    915 |    876 |     39 |    222 |    457 |   2 |  457.5 |
               +--------+--------+--------+--------+--------+-----+--------+

Top non-repeatable levels by time:
     D:1: 896 daAuts
     D:2: 19 daAuts
